 Dungeon Crawl Stone Soup version 0.29-a0-643-ga013cefcf8 (webtiles) character file.

Game seed: 15270329909272961911

105 dolemite99 the Twirler (level 4, 0/33 HPs)
             Began as a Demonspawn Gladiator on June 20, 2022.
             Was a Follower of Kikubaaqudgha.
             Succumbed to an orc wizard's poison
             ... on level 2 of the Dungeon.
             The game lasted 00:02:35 (2778 turns).

dolemite99 the Twirler (Demonspawn Gladiator)       Turns: 2778, Time: 00:02:36

Health: 0/33       AC: 10    Str: 14    XL:     4   Next: 53%
Magic:  4/4        EV:  6    Int: 12    God:    Kikubaaqudgha [*.....]
Gold:   154        SH:  0    Dex: 14    Spells: 3/3 levels left

rFire   . . .      SeeInvis .   a - +0 quarterstaff (venom)
rCold   . . .      Faith    .   (shield currently unavailable)
rNeg    . . .      Spirit   .   h - +0 chain mail
rPois   .          Reflect  .   c - +0 helmet
rElec   .          Harm     .   k - +0 cloak
rCorr   .          Rampage  .   (no gloves)
Will    .....                   (no boots)
Stlth   ..........              (no amulet)
HPRegen 0.11/turn               (no ring)
MPRegen 0.18/turn               (no ring)

@: confused, lethally poisoned (0 -> -16), attractive
A: magic regeneration, weakness stinger 2
a: Renounce Religion, Unearth Wretches


You were on level 2 of the Dungeon.
You worshipped Kikubaaqudgha.
Kikubaaqudgha was aware of your devotion.
You visited 1 branch of the dungeon, and saw 3 of its levels.

You collected 154 gold pieces.

Inventory:

Hand Weapons
 a - a +0 quarterstaff of venom (weapon)
Missiles
 d - 3 throwing nets (quivered)
 e - a javelin
Armour
 b - a +0 leather armour
 c - a +0 helmet (worn)
 g - a +0 scale mail
 h - a +0 chain mail (worn)
 k - a +0 cloak (worn)
 o - a +0 plate armour
Magical Staves
 i - a staff of cold
Scrolls
 f - a scroll of amnesia {unknown}
 w - a scroll of poison
Potions
 j - a potion of brilliance
 l - 2 potions of ambrosia
 p - a potion of cancellation {unknown}
 q - a potion of flight {unknown}
 r - a potion of attraction
 u - a potion of haste {unknown}


   Skills:
 - Level 2.2 Fighting
 + Level 4.5 Staves
 - Level 2.0 Throwing
 - Level 2.8 Dodging


You had 3 spell levels left.
You didn't know any spells.
Your spell library contained the following spells:

 Spells                   Type           Power      Damage    Failure   Level
 Necrotize                Necr           0%         1d4       100%        1
 Slow                     Hex            0%         N/A       100%        1
 Sublimation of Blood     Necr           0%         N/A       100%        2
 Confusing Touch          Hex            0%         N/A       100%        3
 Vampiric Draining        Necr           0%         2d6       100%        3
 Anguish                  Hex/Necr       0%         N/A       100%        4


Dungeon Overview and Level Annotations

Branches:
Dungeon (3/15)

Altars:
Kikubaaqudgha


Innate Abilities, Weirdness & Mutations

You regenerate magic rapidly.
You have a tail ending in a sharp stinger.


Message History

The hobgoblin barely misses you.
You climb upwards.
You feel very sick.
There is a stone staircase leading down here.
You hit the orc wizard.
The orc wizard is lightly wounded.
You feel sick. The orc wizard casts a spell at you. The puff of flame hits you!
The hobgoblin completely misses you.
You are too injured to fight recklessly!
You are too injured to fight recklessly!
You are too injured to fight recklessly!
You closely miss the orc wizard.
The orc wizard is lightly wounded.
You feel sick.
The orc wizard hits you with a +0 dagger of venom.
The hobgoblin completely misses you.
The orc wizard attacks as you move away!
The orc wizard hits you with a +0 dagger of venom.
You are lethally poisoned!
The hobgoblin attacks as you move away! The hobgoblin barely misses you.
You feel very sick.
You hit the orc wizard.
The orc wizard is poisoned.
The orc wizard is moderately wounded.
* * * LOW HITPOINT WARNING * * *
You feel very sick.
The orc wizard hits you but does no damage.
* * * LOW HITPOINT WARNING * * *
You feel sick.
The orc wizard gestures at you while chanting.
You are confused.
You bump into the rock wall.
* * * LOW HITPOINT WARNING * * *
You feel sick.
The orc wizard hits you but does no damage.
You are more poisoned.
It was a potion of attraction.
You feel attractive to monsters.
You die...
Kikubaaqudgha rasps: "You have failed me!
Welcome... death!"

...#####'##.#..#.##............'.
...##........#.#<##............##
...##........#...##....#.......#
...##........#...##....#.......##
...##........#...................
..###........##..########.#######
).'.'...........g.......#.##.#
..###........###o######.#.##.#
..###........###@######.#+##.#
..#..............##..........#
+##.....#.#....[.##..........#
+#......#^#......##..........#
........#_#......##..........#
........###......##..........#
..#...............'..........#
..#..............##..........#
..#..............##..........#


You could see an orc wizard (very poisoned) and a hobgoblin.

Vanquished Creatures
  Jessica (D:3)
  2 orc wizards (D:2)
  An orc (D:3)
  3 ball pythons
  6 endoplasms
  A giant cockroach (D:3)
  5 hobgoblins
  2 jackals (D:1)
  3 kobolds
  A quokka (D:1)
  3 bats
  4 frilled lizards
  4 goblins
  5 rats
41 creatures vanquished.

Notes
Turn   | Place    | Note
-------+----------+-------------------------------------------
     0 | D:1      | dolemite99 the Demonspawn Gladiator began the quest for the
                  | Orb.
     0 | D:1      | Reached XP level 1. HP: 16/16 MP: 1/1
   371 | D:1      | Discovered your monstrous ancestry.
   371 | D:1      | Gained mutation: You have a small tail. [demonic ancestry]
   371 | D:1      | Reached XP level 2. HP: 22/22 MP: 2/2
   772 | D:1      | Reached skill level 3 in Staves
  1527 | D:2      | Found a faded altar of an unknown god.
  1556 | D:2      | Prayed at the altar of an unknown god.
  1556 | D:2      | Became a worshipper of Kikubaaqudgha
  1556 | D:2      | Reached * piety under Kikubaaqudgha
  1556 | D:2      | Received a gift from Kikubaaqudgha
  1770 | D:2      | Gained mutation: You regenerate magic rapidly. [demonic
                  | ancestry]
  1770 | D:2      | Reached XP level 3. HP: 21/27 MP: 3/3
  2424 | D:3      | Noticed Jessica
  2430 | D:3      | Killed Jessica
  2431 | D:3      | Reached skill level 4 in Staves
  2431 | D:3      | Gained mutation: You have a tail ending in a sharp stinger.
                  | [demonic ancestry]
  2431 | D:3      | Reached XP level 4. HP: 15/33 MP: 4/4
  2778 | D:2      | Succumbed to an orc wizard's poison

Illustrated notes

Levels and vault maps discovered:
D:1:      shiori_arrival_maze, layout_rooms, roderic_serpentine_path
D:2:      layout_basic, hellmonk_ecumenical_altar_leap_of_faith,
          kennysheep_generic_room_2
D:3:      layout_rooms, minivault_5, uniq_jessica

Skill      XL: |  1  2  3 |
---------------+----------+-----
Throwing       | 2 |  2.0
Staves         | 3 4 |  4.5
Fighting       | |  2.2
Dodging        | |  2.8

Action                   |  1- 3 |  4- 6 || total
-------------------------+-------+-------++-------
Melee: Quarterstaff      |    95 |    10 ||   105
       Tailslap          |     6 |       ||     6
  Use: Scroll            |     7 |       ||     7
       Potion            |       |     2 ||     2
 Stab: Sleeping          |     1 |       ||     1
Armor: Scale mail        |    12 |       ||    12
       Leather armour    |     7 |       ||     7
       Chain mail        |    45 |     8 ||    53
       Plate armour      |     9 |       ||     9
Dodge: Dodged            |    39 |     5 ||    44

Table legend: (Time is in decaauts)
 A = Elapsed time spent in this place.
 B = Non-inter-level travel time spent in this place.
 C = Inter-level travel time spent in this place.
 D = Time resting spent in this place.
 E = Time spent auto-exploring this place.
 F = Levels seen in this place.
 G = Mean time per level.
                   A        B        C        D        E       F      G
               +--------+--------+--------+--------+--------+-----+--------+
         Total |   2793 |   2770 |     23 |    970 |   1300 |   3 |  931.0 |
       Dungeon |   2793 |   2770 |     23 |    970 |   1300 |   3 |  931.0 |
               +--------+--------+--------+--------+--------+-----+--------+

Top non-repeatable levels by time:
     D:1: 1499 daAuts
     D:2: 1152 daAuts
     D:3: 141 daAuts
